AoeStats
← ITA | MarknighT

Arabia

505639673Analyzed
1v1 RM · 22d ago on Sep 10, 2026· 29m 10s· 2 players
Game mode
Random Map
Map size
Tiny (2 player)
Population
200
Speed
Normal
Resources
Standard
Victory
Conquest
Starting age
Dark Age
Ending age
Imperial Age
RankedLock teamsTeams togetherTeam positionsShared explorationLock speedFull tech treeHidden civsTurbo modeCheats
Victory
Defeat
🇮🇹 Dravidians · Italy
1934
+14
🇪🇸 Shu · Spain
1898
-14
Joselu9710
6:57 Loom
9:01 Feudal Age
9:23 Man-at-Arms
17:15 Padded Archer Armor
17:06 Fletching
17:11 Double-Bit Axe
20:01 Fletching
23:13 Castle Age
21:56 Gold Mining
21:58 Horse Collar
23:42 Elite Skirmisher
24:18 Bodkin Arrow
27:47 Bow Saw
28:03 Leather Archer Armor
ITA | MarknighT
5:56 Loom
8:51 Feudal Age
8:54 Man-at-Arms
13:47 Fletching
21:23 Castle Age
19:17 Double-Bit Axe
21:08 Gold Mining
20:58 Horse Collar
21:14 Horse Collar
21:36 Crossbowman
21:38 Elite Skirmisher
21:42 Crossbowman
22:18 Bodkin Arrow
22:37 Bow Saw
27:18 Wheelbarrow
Connection lost

Rejoining the realm…

Still unreachable

The connection could not be restored.

Session expired

The server has moved on; the page needs a fresh start.